Map: Daybreak LE (Void)

Players

Namshar

  • Race: Zerg Zerg
  • Spawn Location: 1:00

Stephano - Winner!

  • Race: Zerg Zerg
  • Spawn Location: 7:00

Event: WESG 2016 Finals

VOD

Have the link to the VOD?

Description

Time

  • Played on: Jan. 11, 2017, 10:26 p.m.
  • Length: 11:35

All games in this series

Show
View Real Time Build Order
Export as new Build Order

Namshar Zerg 

Build Orders: Hatch First 

Get SALT Encoding   

  12  0:00  Drone  
  13  0:12  Overlord  
  13  0:18  Drone  
  14  0:31  Drone x2  
  14  0:34  Drone  
  17  0:52  Hatchery  
  17  0:55  Drone  
  17  0:58  Drone  
  18  1:10  Extractor  
  17  1:14  Spawning Pool  
  17  1:17  Drone  
  17  1:20  Drone  
  18  1:28  Drone  
  19  1:38  Overlord  
  19  1:50  Drone  
  20  2:00  Queen  
  20  2:01  Zergling x2  
  23  2:04  Drone, Queen  
  26  2:12  Drone  
  27  2:16  Drone  
  27  2:19  Baneling Nest  
  27  2:22  Drone  
  28  2:32  Zergling x2  
  28  2:36  Drone x2, Queen  
  33  2:54  Drone, Overlord  
  33  2:57  Metabolic Boost  
  33  3:01  Drone x2  
  35  3:11  Zergling x2  
  36  3:18  Drone x3  
  36  3:19  Drone x2  
  41  3:25  Hatchery  
  40  3:32  Overlord  
  40  3:34  Overlord  
  40  3:35  Zergling x2  
  40  3:39  Drone x2  
  43  3:43  Baneling x2  
  43  3:47  Baneling x2, Zergling x2  
  44  3:51  Queen  
  44  3:54  Zergling x4  
  48  3:57  Zergling x4  
  50  4:08  Overlord x2  
  50  4:13  Drone  
  50  4:14  Drone, Roach Warren  
  51  4:26  Baneling  
  51  4:31  Drone  
  51  4:32  Drone x7  
  59  4:42  Extractor  
  59  4:43  Lair  
  59  4:44  Drone x4, Evolution Chamber  
  61  4:50  Drone  
  61  4:51  Drone x2  
  64  4:55  Extractor  
  63  5:10  Drone  
  63  5:11  Drone x4  
  67  5:20  Overlord  
  66  5:31  Roach x4  
  66  5:32  Drone x5  
  78  5:44  Roach  
  78  5:45  Roach x5  
  84  6:11  Roach x4  
  84  6:20  Roach x2  
  84  6:21  Queen  
  84  6:24  Drone x3  
  89  6:27  Glial Reconstitution  
  89  6:28  Zerg Missile Weapons Level 1  
  89  6:30  Extractor  
  88  6:33  Extractor x2  
  88  6:38  Roach x3  
  88  6:44  Hatchery  
  86  6:52  Drone x3  
  86  6:53  Drone  
  86  6:54  Overlord x5  
  89  7:00  Overlord x2  
  89  7:01  Overlord x2  
  89  7:10  Overseer  
  89  7:15  Drone x3  
  92  7:16  Drone x3  
  92  7:17  Drone  
  92  7:21  Ravager x3  
  100  7:23  Ravager  
  100  7:26  Overlord x2  
  100  7:28  Roach x2  
  100  7:29  Roach  
  106  7:38  Roach x4  
  114  7:45  Drone  
  114  7:46  Drone, Evolution Chamber  
  115  7:56  Roach x6  
  121  8:03  Drone  
  121  8:04  Hydralisk Den  
  114  8:15  Spore Crawler  
  109  8:20  Roach  
  109  8:21  Roach x12  
  127  8:34  Roach  
  127  8:35  Roach x8  
  127  8:40  Roach  
  133  8:44  Roach x2  
  116  8:49  Roach  
  116  8:53  Queen x3  
  118  9:00  Spore Crawler  
  117  9:04  Drone  
  117  9:06  Hydralisk, Spore Crawler  
  117  9:07  Hydralisk x3  
  123  9:23  Hydralisk x3  
  131  9:27  Hydralisk x2  
  135  9:36  Hydralisk  
  135  9:37  Hydralisk x3  
  139  9:43  Hydralisk x3  
  134  9:51  Hydralisk x3  
  106  10:05  Hydralisk x5  
  92  10:22  Hydralisk  
  92  10:23  Roach x3  
  96  10:28  Hatchery  
  96  10:30  Drone  
  96  10:36  Roach  
  96  10:37  Roach x3  
  104  10:46  Drone, Queen  
  104  10:48  Roach x3  
  113  10:54  Queen  
  113  10:56  Roach x2  
  117  11:05  Roach  
  117  11:06  Roach x6  
Show
View Real Time Build Order
Export as new Build Order

Stephano Zerg - Winner!

Build Orders: Pool First 

Get SALT Encoding   

  12  0:01  Drone  
  13  0:12  Overlord  
  13  0:17  Drone  
  14  0:30  Drone x2  
  14  0:34  Drone  
  17  0:45  Spawning Pool  
  17  0:48  Drone  
  17  0:55  Drone  
  18  1:10  Extractor  
  17  1:14  Hatchery  
  17  1:16  Drone  
  17  1:20  Drone  
  18  1:28  Drone  
  18  1:32  Queen  
  19  1:39  Zergling x2  
  22  1:49  Overlord  
  22  2:08  Queen  
  22  2:09  Metabolic Boost  
  22  2:13  Drone x2  
  26  2:25  Drone  
  26  2:28  Drone  
  28  2:35  Drone  
  28  2:37  Drone  
  30  2:39  Drone  
  30  2:43  Drone  
  32  2:46  Drone  
  32  2:48  Drone x2  
  32  2:51  Queen  
  36  3:01  Hatchery  
  36  3:05  Overlord  
  35  3:14  Zergling x2  
  35  3:15  Overlord  
  36  3:22  Baneling Nest  
  36  3:23  Zergling x8  
  36  3:25  Zergling x2  
  36  3:26  Drone  
  41  3:35  Zergling x6  
  41  3:36  Drone  
  45  3:45  Overlord  
  45  3:46  Drone  
  46  3:52  Drone x3  
  49  3:58  Drone  
  49  4:05  Drone  
  49  4:06  Drone, Baneling x3  
  49  4:07  Drone x2  
  53  4:11  Extractor  
  53  4:12  Zergling x2  
  53  4:13  Roach Warren  
  52  4:21  Drone x2  
  52  4:22  Drone  
  55  4:25  Zergling x6  
  58  4:39  Drone x2  
  58  4:41  Drone x3  
  63  4:51  Overlord x2  
  63  4:52  Overlord  
  61  4:53  Zergling x8  
  61  4:58  Drone  
  66  5:02  Extractor  
  64  5:15  Zergling x22  
  74  5:26  Drone  
  74  5:27  Drone  
  74  5:36  Drone x2  
  74  5:37  Drone x2  
  74  5:38  Drone x4  
  81  5:44  Drone x2  
  81  5:45  Lair  
  82  5:50  Drone, Evolution Chamber  
  82  5:53  Extractor  
  82  5:54  Extractor  
  80  5:59  Zergling x6  
  81  6:09  Overlord x2  
  71  6:20  Roach  
  71  6:21  Roach x8  
  85  6:33  Roach x5  
  95  6:42  Roach x3  
  100  6:47  Roach x5  
  100  6:48  Glial Reconstitution, Zerg Missile Weapons Level 1  
  100  6:52  Overlord x3  
  105  6:55  Spire  
  105  6:58  Extractor  
  103  7:01  Overlord x2  
  103  7:17  Roach x9, Hatchery  
  103  7:21  Drone x3  
  123  7:26  Roach x2  
  127  7:32  Roach x3  
  133  7:38  Overlord x3  
  133  7:40  Unknown  
  133  7:48  Roach x2  
  135  7:57  Drone x5  
  135  7:58  Drone  
  133  8:06  Mutalisk  
  133  8:07  Mutalisk x5  
  141  8:16  Mutalisk x2  
  145  8:23  Mutalisk  
  145  8:24  Extractor  
  145  8:25  Drone x5  
  145  8:26  Overlord, Extractor  
  140  8:37  Roach x5  
  138  8:44  Roach x3  
  128  8:53  Roach x4  
  128  8:54  Roach  
  126  8:57  Roach x2  
  118  9:03  Roach x3  
  118  9:05  Roach  
  130  9:10  Roach x3  
  132  9:19  Roach x2  
  132  9:20  Roach x2  
  132  9:21  Drone x2  
  142  9:38  Roach x6  
  138  9:48  Roach x5  
  138  9:52  Roach x2  
  124  10:00  Roach x2  
  124  10:02  Roach x3  
  124  10:05  Roach x2  
  132  10:11  Roach x3  
  130  10:20  Roach  
  130  10:21  Roach x4  
  134  10:28  Roach x4  
  134  10:30  Ravager x2  
  134  10:31  Ravager x4  
  134  10:32  Ravager  
  134  10:33  Ravager x2  
  134  10:34  Ravager x2  
  147  10:41  Ravager x3  
  147  10:42  Roach x3  
  156  10:46  Overlord  
  156  10:51  Roach x2  
  156  10:52  Roach  
Tags
 
Add a new tag
Caveats
  • Supply blocks, unpowered buildings, or Contaminate may cause inaccurate times.
  • Supply counts are checked every 10 seconds.